 Dungeon Crawl Stone Soup version 0.30.1-11-g7821555f0a (webtiles) character file.

Game seed: 5488175529890309948

3367 bnorton916 the Thaumaturge (level 9, -2/45 HPs)
             Began as a Deep Elf Conjurer on Jan 6, 2024.
             Was an Initiate of Gozag.
             Killed from afar by an electric eel (4 damage)
             ... with a bolt of electricity
             ... on level 8 of the Dungeon.
             The game lasted 00:14:50 (10339 turns).

bnorton916 the Thaumaturge (Deep Elf Conjurer)     Turns: 10339, Time: 00:14:51

Health: -2/45      AC:  4    Str:  6    XL:     9   Next: 73%
Magic:  22/25      EV: 12    Int: 26    God:    Gozag
Gold:   814        SH:  0    Dex: 13    Spells: 15/29 levels left

rFire   . . .        c - staff of conjuration
rCold   . . .        (no shield)
rNeg    . . .        a - +1 robe
rPois   .            (no helmet)
rElec   .            (no cloak)
rCorr   .            z - +0 pair of gloves
SInv    .            (no boots)
Will    .....        (no amulet)
Stlth   +            (no ring)
HPRegen 0.27/turn    (no ring)
MPRegen 0.19/turn

%: no passive effects
@: very slow
A: no striking features
a: Renounce Religion, Potion Petition, Call Merchant, Bribe Branch


You were on level 8 of the Dungeon.
You worshipped Gozag.
Gozag was pleased with you.
You visited 2 branches of the dungeon, and saw 9 of its levels.

You collected 935 gold pieces.
You paid 121 gold pieces to Gozag.

Inventory:

Hand Weapons
 u - the +0 glaive of False Hope {heavy, Str+2 Dex+4}
   (You found it on level 4 of the Dungeon)

   Str:       It affects your strength (+2).
   Dex:       It affects your dexterity (+4).
Missiles
 b - 2 datura-tipped darts
 e - 26 poisoned darts
 s - 2 throwing nets
Armour
 a - a +1 robe (worn)
 z - a +0 pair of gloves (worn)
Magical Staves
 c - a staff of conjuration (weapon)
 E - a staff of earth
Jewellery
 f - a ring of ice
 C - a ring of fire
Wands
 o - a wand of digging (5)
 r - a wand of paralysis (6)
 D - a wand of flame (13)
Scrolls
 d - 3 scrolls of immolation
 g - 4 scrolls of poison
 h - 3 scrolls of enchant weapon
 m - a scroll of amnesia
 n - a scroll of fear
 w - a scroll of enchant armour
 x - a scroll of butterflies
 y - a scroll of fog
 A - 3 scrolls of vulnerability
 B - a scroll of identify
 F - a scroll of blinking
Potions
 i - 2 potions of heal wounds
 j - 5 potions of curing
 k - 2 potions of haste {unknown}
 l - 3 potions of might
 p - a potion of mutation {unknown}
 q - a potion of attraction {unknown}
 t - a potion of lignification {unknown}
 v - a potion of flight {unknown}


   Skills:
 + Level 1.8 Armour
 - Level 2.4 Dodging
 - Level 2.4 Stealth
 + Level 10.7 Spellcasting
 + Level 9.7 Conjurations
 - Level 6.7 Hexes
 - Level 5.6 Translocations
 + Level 2.4 Earth Magic


You had 15 spell levels left.
You knew the following spells:

 Your Spells              Type           Power      Damage    Failure   Level
a - Magic Dart            Conj           100%       1d8       1%          1
b - Searing Ray           Conj           100%       2d8       1%          2
c - Fulminant Prism       Conj/Hex       35%        3d17      1%          4
d - Iskenderun's Mystic   Conj/Tloc      69%        2d14      1%          4
e - Stone Arrow           Conj/Erth      100%       3d13      1%          3

Your spell library contained the following spells:

 Spells                   Type           Power      Damage    Failure   Level
 Dazzling Flash           Conj/Hex       100%       N/A       1%          3
 Gell's Gravitas          Tloc           43%        N/A       1%          3
 Teleport Other           Tloc           43%        N/A       1%          3
 Inner Flame              Hex/Fire       31%        N/A       3%          3
 Cigotuvi's Dreadful Rot  Necr/Pois/Air  26%        N/A       6%          2
 Flame Wave               Conj/Fire      56%        2d13      6%          4
 Sticky Flame             Conj/Fire      56%        2d7       6%          4
 Animate Armour           Summ/Erth      40%        N/A       26%         4
 Dispel Undead            Necr           13%        3d9       38%         4
 Dispersal                Tloc           21%        N/A       54%         6
 Death Channel            Necr           6%         N/A       100%        6
 Lehudib's Crystal Spear  Conj/Erth      31%        10d8      100%        8


Dungeon Overview and Level Annotations

Branches:
Dungeon (8/15)             Temple (1/1) D:6
   Lair: D:8-11

Altars:
Ashenzari
Cheibriados
Dithmenos
Fedhas
Gozag
Kikubaaqudgha
Makhleb
Okawaru
Qazlal
Ru
Sif Muna
Trog
Uskayaw
Vehumet
Wu Jian
Yredelemnul
Zin
The Shining One

Shops:
D:3 !


Message History

The bolt of electricity hits you!
The bullfrog hits the plant.
The plant begins to die.
Casting: Stone Arrow (safe; 1% risk of failure)
Confirm with . or Enter, or press ? or * to list all spells.
Aiming: Stone Arrow (safe; 1% risk of failure)
Press: ? - help, Shift-Dir - straight line, f - bullfrog
Aim: a bullfrog (72% to hit)
You feel a surge of power!
Your line of fire to the bullfrog is blocked by a plant.
Unknown command.
Unknown command.
Casting: Stone Arrow (safe; 1% risk of failure)
Confirm with . or Enter, or press ? or * to list all spells.
Aiming: Stone Arrow (safe; 1% risk of failure)
Press: ? - help, Shift-Dir - straight line, f - electric eel, p - bullfrog
Aim: an electric eel (water, 63% to hit)
You feel a surge of power!
The stone arrow misses the electric eel.
The electric eel shoots out a bolt of lightning at you!
The bolt of electricity hits you!
* * * LOW HITPOINT WARNING * * *
An electric eel comes into view.
Unknown command.
Casting: Stone Arrow (safe; 1% risk of failure)
Confirm with . or Enter, or press ? or * to list all spells.
Aiming: Stone Arrow (safe; 1% risk of failure)
Press: ? - help, Shift-Dir - straight line, f/p - electric eel
Aim: an electric eel (water, 63% to hit)
Okay, then.
The bullfrog closely misses you. The bullfrog barely misses you.
The bullfrog closely misses you.
The electric eel shoots out a bolt of lightning at you!
The bolt of electricity hits the plant!
The plant begins to die.
The bolt of electricity misses you.
The electric eel shoots out a bolt of lightning at you!
The bolt of electricity hits you!
* * * LOW HITPOINT WARNING * * *
The bolt of electricity hits you.
You die...
Your body crumbles into a pile of gold.

#.# #.# #.# #.#
#.# #.# #.##
~♣~ ♣♣♣~##
~P~~♣P~♣@♣##
~~~~P~P~F~~#
≈≈≈S~~~~~~P#
≈≈≈~~♣~~~P♣♣
≈≈≈~≈SPPP~P♣
≈≈≈~~~~~~~PP~
≈≈≈≈≈~~~~~~♣~..
≈≈≈≈~P~~PP~♣##.
≈≈≈P~PP~~♣~#


You could see a bullfrog and 2 electric eels.

Vanquished Creatures
  A kobold demonologist (D:7)
  A yak (D:8)
  Duvessa (D:5)
  2 ice beasts
  2 ogres (D:6)
  2 orc warriors (D:8)
  4 centaurs
  A phantom (D:5)
  A kobold brigand (D:6)
  4 bullfrogs
  4 scorpions
  6 wights
  Dowan (D:5)
  6 killer bees (D:7)
  3 jellies
  3 orc priests
  3 hounds
  2 iguanas (D:6)
  5 orc wizards
  15 adders
  3 white imps
  An ufetubus (D:7)
  3 worms
  3 dart slugs
  20 orcs
  7 endoplasms
  2 giant cockroaches (D:2)
  8 goblins
  2 hobgoblins (D:3)
  3 jackals (D:1)
  9 kobolds
  3 quokkas
  8 ball pythons
  4 bats
  2 frilled lizards
  5 rats
150 creatures vanquished.

Vanquished Creatures (others)
  23 fulminant prisms
23 creatures vanquished.

Grand Total: 173 creatures vanquished

Notes
Turn   | Place    | Note
-------+----------+-------------------------------------------
     0 | D:1      | bnorton916 the Deep Elf Conjurer began the quest for the
                  | Orb.
     0 | D:1      | Reached XP level 1. HP: 10/10 MP: 6/6
   400 | D:1      | You fall into a shaft and drop 1 floor!
   416 | D:2      | Reached XP level 2. HP: 15/15 MP: 3/8
   495 | D:2      | Learned a level 2 spell: Searing Ray
   838 | D:2      | Reached skill level 4 in Spellcasting
   838 | D:2      | Reached skill level 5 in Conjurations
   838 | D:2      | Reached XP level 3. HP: 19/19 MP: 3/10
  1720 | D:3      | Reached XP level 4. HP: 24/24 MP: 9/12
  1919 | D:3      | Reached skill level 5 in Spellcasting
  2461 | D:3      | Found Dainn's Distillery.
  2604 | D:4      | Identified the +0 glaive of False Hope {heavy, Str+2 Dex+4}
  2667 | D:4      | Reached XP level 5. HP: 28/28 MP: 9/15
  3076 | D:5      | Entered Level 5 of the Dungeon
  3078 | D:5      | Noticed Dowan
  3086 | D:5      | Learned a level 4 spell: Fulminant Prism
  3091 | D:5      | Learned a level 4 spell: Iskenderun's Mystic Blast
  3103 | D:5      | Noticed Duvessa
  3307 | D:4      | Reached skill level 6 in Spellcasting
  3404 | D:5      | Reached XP level 6. HP: 22/32 MP: 6/17
  3952 | D:5      | Reached skill level 7 in Spellcasting
  4218 | D:5      | Found a shimmering blue altar of Sif Muna.
  4231 | D:5      | Reached XP level 7. HP: 36/36 MP: 13/19
  4240 | D:5      | Reached skill level 1 in Hexes
  4244 | D:5      | Identified a scroll of acquirement
  4249 | D:5      | Acquired a staff of conjuration
  4349 | D:5      | Reached skill level 1 in Translocations
  4574 | D:5      | Reached skill level 8 in Spellcasting
  4840 | D:5      | Found a stormy altar of Qazlal.
  4910 | D:5      | Killed Duvessa
  4911 | D:5      | Reached XP level 8. HP: 41/41 MP: 7/22
  5144 | D:5      | Killed Dowan
  5321 | D:6      | Found a snail-covered altar of Cheibriados.
  5849 | D:6      | Found a staircase to the Ecumenical Temple.
  5858 | Temple   | Entered the Ecumenical Temple
  5862 | Temple   | Became a worshipper of Gozag Ym Sagoz the Greedy
  5972 | D:6      | Reached skill level 9 in Spellcasting
  6178 | D:6      | Reached skill level 5 in Hexes
  6784 | D:6      | Found a sacrificial altar of Ru.
  8515 | D:7      | Noticed a kobold demonologist
  8516 | D:7      | Reached XP level 9. HP: 28/45 MP: 2/24
  8731 | D:7      | Killed a kobold demonologist
  8732 | D:7      | Reached skill level 5 in Translocations
  8875 | D:7      | Reached skill level 10 in Spellcasting
  9398 | D:7      | Found a glowing silver altar of Zin.
  9505 | D:7      | Learned a level 3 spell: Stone Arrow
  9704 | D:8      | Reached skill level 1 in Earth Magic
  9728 | D:7      | Reached skill level 1 in Armour
 10339 | D:8      | HP: 2/45 [electric eel/bolt of electricity (9)]
 10339 | D:8      | Killed from afar by an electric eel

Illustrated notes

Levels and vault maps discovered:
D:1:      lightli_arrival_quake, layout_basic
D:2:      layout_basic, serial_glass, glass_columns_b, glass_columns_b
D:3:      layout_basic, serial_shops, shop
D:4:      minmay_door_path, layout_loops_ring
D:5:      layout_loops_ring, mainiacjoe_overflow_paths,
          nicolae_qazlal_general_emergency, uniq_duvessa
D:6:      layout_basic, mainiacjoe_overflow_boulevard,
          mainiacjoe_overflow_six_doors_small, minmay_temple_entry_stoned_glass
D:7:      layout_rooms, zin_statuary
D:8:      layout_loops_ring, grunt_lair_entry_orc_guard_hut, special_room
          [special_room_orc], ebering_ghost_reflecting_pool,
          nicolae_blasting_shop, serial_bayou_lake_a
Temple:   nicolae_temple_x_marks_the_god

Skill      XL: |  1  2  3  4  5  6  7  8  9 |
---------------+----------------------------+-----
Spellcasting   | 4 5 6 7 8 9 10 | 10.7
Conjurations   | 5 6 7 8 9 |  9.7
Hexes          | 3 5 6 |  6.7
Translocations | 2 4 5 |  5.6
Earth Magic    | 2 |  2.4
Armour         | 1 |  1.8
Dodging        | |  2.4
Stealth        | |  2.4

Action                     |  1- 3 |  4- 6 |  7- 9 || total
---------------------------+-------+-------+-------++-------
  Melee: Staff             |       |       |     1 ||     1
   Cast: Magic Dart        |    59 |    70 |    92 ||   221
         Searing Ray       |     2 |    10 |    24 ||    36
         Fulminant Prism   |       |     6 |    17 ||    23
         Iskenderun's Myst |       |     2 |    24 ||    26
         Stone Arrow       |       |       |     5 ||     5
    Use: Scroll            |       |     1 |    18 ||    19
         Potion            |       |       |     2 ||     2
 Armour: Robe              |     4 |       |    11 ||    15
  Dodge: Dodged            |     8 |     9 |    44 ||    61
